 Seeded DCSS version 0.29.1-12-g30fa7ad0bf (webtiles) character file.

Game seed: 20230113 (custom seed)

625 stormannn the Shield-Bearer (level 7, 0/58 HPs)
             Began as a Demigod Fighter on Jan 13, 2023.
             Killed from afar by an orc wizard (6 damage)
             ... with a magic dart
             ... on level 5 of the Dungeon.
             The game lasted 00:09:23 (5189 turns).

stormannn the Shield-Bearer (Demigod Fighter)       Turns: 5189, Time: 00:09:24

Health: 0/58       AC:  8    Str: 17    XL:     7   Next: 2%
Magic:  9/9        EV: 15    Int: 18    God:
Gold:   38         SH:  5    Dex: 13    Spells: 6/6 levels left

rFire   . . .      SeeInvis .   a - +0 war axe
rCold   . . .      Faith    .   c - +0 buckler
rNeg    . . .      Spirit   .   b - +1 scale mail
rPois   .          Reflect  .   (no helmet)
rElec   .          Harm     .   (no cloak)
rCorr   .          Rampage  .   (no gloves)
Will    .....                   (no boots)
Stlth   ..........              (no amulet)
HPRegen 0.19/turn               q - +4 ring of evasion
MPRegen 0.11/turn               (no ring)

@: invisible
A: high MP 1, forlorn, divine attributes, hooves 1, sturdy frame 1
a: no special abilities


You were on level 5 of the Dungeon.
You visited 1 branch of the dungeon, and saw 5 of its levels.

You collected 182 gold pieces.
You spent 144 gold pieces at shops.

Inventory:

Hand Weapons
 a - a +0 war axe (weapon)
Missiles
 d - a throwing net
 i - 7 poisoned darts (quivered)
Armour
 b - a +1 scale mail (worn)
 c - a +0 buckler (worn)
Jewellery
 q - a +4 ring of evasion (left hand)
Scrolls
 f - 3 scrolls of poison
 o - 4 scrolls of teleportation
 p - a scroll of identify
 r - a scroll of noise {unknown}
Potions
 e - a potion of attraction {unknown}
 j - a potion of flight {unknown}
 l - 2 potions of lignification
 m - a potion of might
 n - a potion of degeneration {unknown}


   Skills:
 + Level 3.9 Fighting
 + Level 3.2 Axes
 + Level 4.0 Armour
 * Level 4.0 Dodging
 + Level 4.0 Shields


You had 6 spell levels left.
You didn't know any spells.
Your spell library contained the following spells:

 Spells                   Type           Power      Damage    Failure   Level
 Foxfire                  Conj/Fire      0%         2x1d4     52%         1
 Magic Dart               Conj           0%         1d3       52%         1
 Searing Ray              Conj           0%         2d4       67%         2
 Conjure Flame            Conj/Fire      0%         6-21      88%         3
 Inner Flame              Hex/Fire       0%         N/A       88%         3
 Flame Wave               Conj/Fire      0%         2d4       99%         4
 Fulminant Prism          Conj/Hex       0%         3d6       99%         4


Dungeon Overview and Level Annotations

Branches:
Dungeon (5/15)
 Temple: D:4-7

Shops:
D:4 !*

Annotations:
D:4 2 transporters, sigtrap's ghost, amateur GrMo


Innate Abilities, Weirdness & Mutations

You have an increased reservoir of magic. (+10% MP)
You shall have no god before yourself.
Your divine heritage dramatically boosts your attributes as you level up.
You have large cloven feet.
Your movements are slightly less encumbered by armour. (ER -2)


Message History

You bump into the rock wall.
Something completely misses you. The orc warrior barely misses you.
You bump into the rock wall.
Something hits you but does no damage.
The orc warrior hits you from afar with a +0 halberd!
* * * LOW HITPOINT WARNING * * *
The orc closely misses you.
You hit the orc. You kick the orc.
You kill the orc!
You miss something. Something closely misses you.
The orc warrior hits you from afar with a +0 halberd.
* * * LOW HITPOINT WARNING * * *
Something hits you but does no damage. The orc warrior misses you.
You feel better.
You hear some strange, mumbled words.
A magic dart appears from out of thin air!
The magic dart hits you. The orc warrior barely misses you. Something hits you.
You hit the orc warrior.
The orc warrior is lightly wounded.
The orc warrior barely misses you.
You hit the orc warrior but do no damage.
Your kick misses the orc warrior.
The orc warrior is lightly wounded.
You closely miss something. Something barely misses you.
The orc warrior hits you with a +0 halberd!
* * * LOW HITPOINT WARNING * * *
Unknown command.
You fade into invisibility!
Something hits you.
* * * LOW HITPOINT WARNING * * *
The orc warrior hits you with a +0 halberd.
* * * LOW HITPOINT WARNING * * *
Okay, then.
The orc warrior misses you.
Found a stone staircase leading up.
Found 18 gold pieces.
You hear the slow hiss of a very distant avalanche of sand.
A magic dart appears from out of thin air!
The magic dart hits you.
You die...

#........######
#...........$..
#..............
#.............
#...........##
#.........#..#
#............#
#.....@...o..#
##...........#
#.........#{# ##
#.........#.##.####
##........#o##....###
#........#.........##
##.......)..........#
##.......##.........
###....###.........


You could see an orc warrior (unable to see you).

Vanquished Creatures
  2 ogres
  An orc priest (D:4)
  A gnoll bouda (D:4)
  An iguana (D:3)
  6 orc wizards (D:4)
  4 gnolls (D:4)
  5 adders
  3 worms
  4 dart slugs (D:3)
  18 orcs
  3 bats
  2 endoplasms (D:1)
  2 giant cockroaches (D:1)
  5 goblins (D:1)
  6 hobgoblins
  4 jackals (D:4)
  4 kobolds
  6 quokkas
  9 ball pythons
  6 frilled lizards
  6 rats
98 creatures vanquished.

Vanquished Creatures (others)
  An orc wizard (D:3)
1 creature vanquished.

Grand Total: 99 creatures vanquished

Notes
Turn   | Place    | Note
-------+----------+-------------------------------------------
     0 | D:1      | stormannn the Demigod Fighter began the quest for the Orb.
     0 | D:1      | Reached XP level 1. HP: 18/18 MP: 3/3
   228 | D:1      | Reached XP level 2. HP: 25/25 MP: 4/4
   309 | D:1      | Reached skill level 1 in Dodging
  1307 | D:2      | Reached XP level 3. HP: 25/31 MP: 5/5
  2276 | D:3      | Reached XP level 4. HP: 27/38 MP: 6/6
  2843 | D:3      | Noticed an ogre
  2855 | D:3      | HP: 1/38 [ogre/+0 giant spiked club (27)]
  2857 | D:3      | Killed an ogre
  2858 | D:3      | Reached XP level 5. HP: 2/45 MP: 7/7
  3398 | D:4      | HP: 2/45 [orc priest/divine providence (14)]
  3404 | D:4      | Gained mutation: You are dopey. (Int -2) [potion of
                  | mutation]
  3404 | D:4      | Gained mutation: You are very dopey. (Int -4) [potion of
                  | mutation]
  3423 | D:4      | Reached XP level 6. HP: 24/51 MP: 8/8
  3634 | D:4      | Found Eqekot's Overcharged Wands.
  3662 | D:4      | Found a transporter.
  4489 | D:4      | Noticed sigtrap's ghost (amateur GrMo)
  4545 | D:4      | Found Qaduycs's Assorted Antiques.
  4624 | D:4      | Lost mutation: You are very dopey. (Int -4) [potion of
                  | mutation]
  4624 | D:4      | Lost mutation: You are dopey. (Int -2) [potion of mutation]
  4624 | D:4      | Gained mutation: You have a pair of small antennae on your
                  | head. [potion of mutation]
  4624 | D:4      | Gained mutation: Your spells are a little harder to cast,
                  | but a little more powerful. [potion of mutation]
  4625 | D:4      | Lost mutation: You have a pair of small antennae on your
                  | head. [potion of mutation]
  4625 | D:4      | Lost mutation: Your spells are a little harder to cast, but
                  | a little more powerful. [potion of mutation]
  4625 | D:4      | Gained mutation: Your movements are slightly less
                  | encumbered by armour. (ER -2) [potion of mutation]
  4625 | D:4      | Gained mutation: You have large cloven feet. [potion of
                  | mutation]
  4676 | D:4      | Found Boimeth's Distillery.
  4684 | D:4      | Bought a potion of curing for 36 gold pieces
  4684 | D:4      | Bought a potion of heal wounds for 60 gold pieces
  4684 | D:4      | Bought a potion of might for 48 gold pieces
  4684 | D:4      | Found a transporter.
  4718 | D:4      | Reached XP level 7. HP: 57/58 MP: 9/9
  5141 | D:5      | Entered Level 5 of the Dungeon
  5189 | D:5      | Killed from afar by an orc wizard

Illustrated notes

Levels and vault maps discovered:
D:1:      wander_arrival_fairy_ring, layout_basic,
          hellmonk_ecumenical_altar_leap_of_faith, st_stairs_6
D:2:      layout_basic
D:3:      layout_basic, overflow_temple_1_default
D:4:      layout_basic, serial_corexii_hall, corexii_hall_statues_deadend,
          chequers_hall_statues_y, serial_shops, shop_statue, shop,
          gammafunk_ghost_stat_death, nicolae_shop_overcharged_wands
D:5:      layout_cave_pods, mainiacjoe_overflow_paths, gammafunk_ghost_split,
          nicolae_ossuary_entry_monument, nicolae_wormholes, uniq_ijyb

Skill      XL: |  1  2  3  4  5  6 |
---------------+-------------------+-----
Dodging        | 1 2 3 4 |  4.0
Axes           | 2 3 |  3.2
Fighting       | 3 |  3.9
Armour         | 3 4 |  4.0
Shields        | 3 4 |  4.0

Action                   |  1- 3 |  4- 6 |  7- 9 || total
-------------------------+-------+-------+-------++-------
Melee: War axe           |   157 |   149 |    15 ||   321
       Kick              |       |       |     2 ||     2
Throw: Dart              |       |     6 |       ||     6
  Use: Scroll            |     8 |     1 |       ||     9
       Potion            |     2 |     8 |     3 ||    13
 Stab: Invisible         |     3 |     1 |       ||     4
Armor: Scale mail        |    80 |    55 |     6 ||   141
       Skin              |       |    26 |       ||    26
Dodge: Dodged            |    97 |    94 |    24 ||   215
Block: Buckler           |    38 |    33 |     3 ||    74
